PAA
WESTWOOD SIXSHOOTERS @ CRESCENT CITY KREWE
06/30/2042
 
TOP OF THE 1ST
Westwood Sixshooters batting - Pitching for Crescent City Krewe : RHP Taine Poutini
Pitching: RHP Taine Poutini
Batting: LHB Derek Kelly 0-0: Ball
1-0: Ball
2-0: Ball
3-0: Base on Balls
Batting: SHB William Anderson 0-0: Ball
1-0: Called Strike
1-1: Swinging Strike
1-2: Ball
2-2: Foul Ball, location: 2F
2-2: Ball
3-2: Strikes out swinging
Derek Kelly steals 2nd base
Batter strikes out.
Batting: RHB Illarion Podmarkov 0-0: Foul Ball, location: 2F
0-1: Swinging Strike
0-2: Foul Ball, location: 2F
0-2: SINGLE (Line Drive, 89S, EV 87.5 MPH)
Derek Kelly to third
Runner from 3rd tries for Home, throw by RF and OUT! 9-2
Batting: LHB Rick Kirkham 0-0: Ball
1-0: Ball
Pickoff Throw to First - Out! 1-3
Top of the 1st over - 0 runs, 1 hit, 0 errors, 0 left on base; Westwood 0 - Crescent City 0
BOTTOM OF THE 1ST
Crescent City Krewe batting - Pitching for Westwood Sixshooters : RHP Finley Brinley
Pitching: RHP Finley Brinley
Batting: SHB David Knight 0-0: Swinging Strike
0-1: Swinging Strike
0-2: Foul Ball, location: 2F
0-2: Ball
1-2: Ball
2-2: Foul Ball, location: 2F
2-2: Fly out, F8 (Flyball, 8LM, EV 91.2 MPH)
Batting: RHB Hal Phillips 0-0: Called Strike
0-1: Swinging Strike
0-2: Ball
1-2: Ball
2-2: Ball
3-2: SINGLE (Groundball, 34D, EV 107.5 MPH)
Batting: RHB Vicente Perales 0-0: Ball
1-0: Fly out, F7 (Flyball, 7S, EV 85.0 MPH)
Batting: LHB Dustin Damitz 0-0: Ball
1-0: Ball
2-0: Foul Ball, location: 2F
2-1: Fly out, F3 (Popup, 3SF, EV 80.6 MPH)
Bottom of the 1st over - 0 runs, 1 hit, 0 errors, 1 left on base; Westwood 0 - Crescent City 0
TOP OF THE 2ND
Westwood Sixshooters batting - Pitching for Crescent City Krewe : RHP Taine Poutini
Batting: LHB Rick Kirkham 0-0: Ball
1-0: Called Strike
1-1: Called Strike
1-2: Ground out 6-3 (Groundball, 6M, EV 96.9 MPH)
Batting: LHB Luis Benítez 0-0: Ball
1-0: Ball
2-0: Ball
3-0: Base on Balls
Batting: RHB Slavik Akentiev 0-0: Ball
1-0: Ball
2-0: Ball
3-0: Called Strike
3-1: Foul Ball, location: 2F
3-2: Foul Ball, location: 2F
3-2: Strikes out looking
Batting: RHB John Siddall 0-0: Fly out, F7 (Flyball, 7S, EV 98.8 MPH)
Top of the 2nd over - 0 runs, 0 hits, 0 errors, 1 left on base; Westwood 0 - Crescent City 0
BOTTOM OF THE 2ND
Crescent City Krewe batting - Pitching for Westwood Sixshooters : RHP Finley Brinley
Batting: RHB Norbert Schalk 0-0: Called Strike
0-1: Swinging Strike
0-2: Ball
1-2: Ball
2-2: Reached on error, E5 (Groundball, 56, EV 78.8 MPH)
Batting: LHB Reggie Gommers 0-0: Called Strike
0-1: Fly out, F8 (Flyball, 78M, EV 86.9 MPH)
Batting: RHB Dusty Hunt 0-0: Called Strike
Norbert Schalk steals 3rd base
0-1: Swinging Strike
0-2: Fly out, F9 (Flyball, 9, EV 89.4 MPH)
Batting: RHB Martin Stevens 0-0: Called Strike
0-1: Fly out, F8 (Flyball, 8RM, EV 93.8 MPH)
Bottom of the 2nd over - 0 runs, 0 hits, 1 error, 1 left on base; Westwood 0 - Crescent City 0
TOP OF THE 3RD
Westwood Sixshooters batting - Pitching for Crescent City Krewe : RHP Taine Poutini
Batting: RHB Hisashi Koumura 0-0: SINGLE (Line Drive, 89S, EV 92.5 MPH)
Batting: RHB Patrick Rivera 0-0: Ball
Hisashi Koumura steals 2nd base
1-0: Swinging Strike
1-1: Ball
2-1: Foul Ball, location: 2F
2-2: Ground out 1-3 (Groundball, 34S, EV 87.5 MPH)
Hisashi Koumura to third
Batting: LHB Derek Kelly 0-0: Called Strike
0-1: Ground out 3-1 (Groundball, 34, EV 97.5 MPH)
Hisashi Koumura scores
Batting: SHB William Anderson 0-0: Ball
1-0: Ball
2-0: Called Strike
2-1: Foul Ball, location: 2F
2-2: Foul Ball, location: 2F
2-2: SINGLE (Groundball, 4D, EV 101.9 MPH)
Batting: RHB Illarion Podmarkov 0-0: Ball
1-0: Called Strike
1-1: Foul Ball, location: 2F
1-2: Fly out, F9 (Line Drive, 9S, EV 87.5 MPH)
Top of the 3rd over - 1 run, 2 hits, 0 errors, 1 left on base; Westwood 1 - Crescent City 0
BOTTOM OF THE 3RD
Crescent City Krewe batting - Pitching for Westwood Sixshooters : RHP Finley Brinley
Batting: RHB Jermaine Vassell 0-0: Foul Ball, location: 2F
0-1: Foul Ball, location: 2F
0-2: Fly out, F8 (Flyball, 8LS, EV 73.8 MPH)
Batting: SHB David Knight 0-0: Called Strike
0-1: Ball
1-1: Foul Ball, location: 2F
1-2: Ball
2-2: Foul Ball, location: 2F
2-2: Reached on error, E8 (Flyball, 8LM, EV 87.5 MPH)
Batting: RHB Hal Phillips 0-0: Called Strike
David Knight steals 2nd base
0-1: Called Strike
0-2: Foul Ball, location: 2F
0-2: 2-RUN HOME RUN (Flyball, 7D, EV 106.2 MPH), Distance : 371 ft
Batting: RHB Vicente Perales 0-0: Ball
1-0: Ball
2-0: Ball
3-0: Base on Balls
Batting: LHB Dustin Damitz 0-0: Ball
1-0: Swinging Strike
1-1: Ball
2-1: Fly out, F4 (Popup, 4, EV 79.4 MPH)
Batting: RHB Norbert Schalk 0-0: Called Strike
Vicente Perales steals 2nd base (no throw)
0-1: Ball
1-1: Swinging Strike
1-2: Foul Ball, location: 2F
1-2: Fly out, F7 (Flyball, 7S, EV 81.9 MPH)
Bottom of the 3rd over - 2 runs, 1 hit, 1 error, 1 left on base; Westwood 1 - Crescent City 2
TOP OF THE 4TH
Westwood Sixshooters batting - Pitching for Crescent City Krewe : RHP Taine Poutini
Batting: LHB Rick Kirkham 0-0: Called Strike
0-1: Foul Ball, location: 2F
0-2: Strikes out looking
Batting: LHB Luis Benítez 0-0: Called Strike
0-1: Ball
1-1: Fly out, F8 (Flyball, 89M, EV 76.9 MPH)
Batting: RHB Slavik Akentiev 0-0: Ball
1-0: Ball
2-0: Called Strike
2-1: Foul Ball, location: 2F
2-2: Ball
3-2: Ground out 6-3 (Groundball, 6, EV 84.4 MPH)
Top of the 4th over - 0 runs, 0 hits, 0 errors, 0 left on base; Westwood 1 - Crescent City 2
BOTTOM OF THE 4TH
Crescent City Krewe batting - Pitching for Westwood Sixshooters : RHP Finley Brinley
Batting: LHB Reggie Gommers 0-0: Swinging Strike
0-1: Fly out, F7 (Flyball, 7, EV 81.9 MPH)
Batting: RHB Dusty Hunt 0-0: Ball
1-0: Fly out, F9 (Flyball, 9, EV 94.4 MPH)
Batting: RHB Martin Stevens 0-0: Ball
1-0: Swinging Strike
1-1: Ball
2-1: DOUBLE (Line Drive, 7LM, EV 109.4 MPH)
Batting: RHB Jermaine Vassell 0-0: Called Strike
0-1: Ball
1-1: Fly out, F4 (Popup, 34, EV 67.5 MPH)
Bottom of the 4th over - 0 runs, 1 hit, 0 errors, 1 left on base; Westwood 1 - Crescent City 2
TOP OF THE 5TH
Westwood Sixshooters batting - Pitching for Crescent City Krewe : RHP Taine Poutini
Batting: RHB John Siddall 0-0: Ball
1-0: Fly out, F5 (Popup, 5SF, EV 75.0 MPH)
Batting: RHB Hisashi Koumura 0-0: Ball
1-0: Ball
2-0: Called Strike
2-1: Ball
3-1: Base on Balls
Batting: RHB Patrick Rivera 0-0: Ball
1-0: Ball
2-0: SINGLE (Line Drive, 56, EV 94.4 MPH)
Hisashi Koumura to second
Batting: LHB Derek Kelly 0-0: Fielders Choice at 2nd, 3-6 (Groundball, 3, EV 107.5 MPH)
Hisashi Koumura to third
Batting: SHB William Anderson 0-0: Ball
1-0: Foul Ball, location: 2F
1-1: Ball
2-1: Ball
3-1: Base on Balls
Derek Kelly to second
Batting: RHB Illarion Podmarkov 0-0: Called Strike
0-1: Ball
1-1: Ball
2-1: Swinging Strike
2-2: Foul Ball, location: 2F
2-2: Fly out, F6 (Popup, 6MD, EV 70.6 MPH)
Top of the 5th over - 0 runs, 1 hit, 0 errors, 3 left on base; Westwood 1 - Crescent City 2
BOTTOM OF THE 5TH
Crescent City Krewe batting - Pitching for Westwood Sixshooters : RHP Finley Brinley
Batting: SHB David Knight 0-0: Ball
1-0: Ball
2-0: Ball
3-0: Base on Balls
Batting: RHB Hal Phillips 0-0: Sac Bunt to 3S - play at first, batter safe!
David Knight to second
Batting: RHB Vicente Perales 0-0: Ball
1-0: Ball
2-0: Ball
3-0: Base on Balls
David Knight to third
Hal Phillips to second
Batting: LHB Dustin Damitz 0-0: Called Strike
0-1: Ball
1-1: Called Strike
1-2: Foul Ball, location: 2F
1-2: Strikes out swinging
Batting: RHB Norbert Schalk 0-0: Ball
1-0: DOUBLE (Line Drive, 7LD, EV 105.0 MPH)
David Knight scores
Hal Phillips scores
Vicente Perales to third
Batting: LHB Reggie Gommers 0-0: Called Strike
0-1: Ball
1-1: Swinging Strike
1-2: Foul Ball, location: 2F
1-2: Foul Ball, location: 2F
1-2: Ball
2-2: Fly out, F8 (Flyball, 8RS, EV 95.0 MPH)
Pitching: RHP José Arellano
Batting: RHB Dusty Hunt 0-0: Called Strike
0-1: Ball
1-1: Ball
2-1: Ball
3-1: SINGLE (Groundball, 56D, EV 99.4 MPH)
Vicente Perales scores
Norbert Schalk to third
Runner from 3rd tries for Home, throw by LF and OUT! 7-2
Bottom of the 5th over - 3 runs, 3 hits, 0 errors, 1 left on base; Westwood 1 - Crescent City 5
TOP OF THE 6TH
Westwood Sixshooters batting - Pitching for Crescent City Krewe : RHP Taine Poutini
Batting: LHB Rick Kirkham 0-0: Ball
1-0: SINGLE (Groundball, 34D, EV 110.0 MPH)
Batting: LHB Luis Benítez 0-0: Fielders Choice at 2nd, 4-6 (Groundball, 4, EV 80.6 MPH)
Batting: RHB Slavik Akentiev 0-0: Foul Ball, location: 2F
0-1: Ball
1-1: Ball
2-1: Foul Ball, location: 2F
2-2: SINGLE (Flyball, 4D, EV 90.6 MPH)
Luis Benítez to second
Pitching: RHP Chris Floyd
Batting: RHB John Siddall 0-0: Ball
1-0: Foul Ball, location: 2F
1-1: Foul Ball, location: 2F
1-2: Ball
2-2: Ball
3-2: Fly out, F9 (Line Drive, 9, EV 102.5 MPH)
Batting: RHB Hisashi Koumura 0-0: Fly out, F6 (Popup, 6M, EV 71.2 MPH)
Top of the 6th over - 0 runs, 2 hits, 0 errors, 2 left on base; Westwood 1 - Crescent City 5
BOTTOM OF THE 6TH
Crescent City Krewe batting - Pitching for Westwood Sixshooters : RHP José Arellano
Batting: RHB Martin Stevens 0-0: Called Strike
0-1: Ball
1-1: Ball
2-1: Swinging Strike
2-2: Strikes out swinging
Batting: RHB Jermaine Vassell 0-0: SINGLE (Groundball, 56D, EV 95.6 MPH)
Batting: SHB David Knight 0-0: Called Strike
0-1: Foul Ball, location: 2F
0-2: Ball
1-2: Foul Ball, location: 2F
1-2: Ball
2-2: Strikes out swinging
Batting: RHB Hal Phillips 0-0: Ball
1-0: Ball
2-0: Ball
3-0: Base on Balls
Jermaine Vassell to second
Batting: RHB Vicente Perales 0-0: Called Strike
0-1: Ball
1-1: Ground out 4-3 (Groundball, 4, EV 85.6 MPH)
Bottom of the 6th over - 0 runs, 1 hit, 0 errors, 2 left on base; Westwood 1 - Crescent City 5
TOP OF THE 7TH
Westwood Sixshooters batting - Pitching for Crescent City Krewe : RHP Chris Floyd
Batting: RHB Patrick Rivera 0-0: Ball
1-0: Ball
2-0: Called Strike
2-1: Ball
3-1: Called Strike
3-2: Foul Ball, location: 2F
3-2: Base on Balls
Batting: LHB Derek Kelly 0-0: Fielders Choice at 2nd, 6-4 (Groundball, 6, EV 78.1 MPH)
Batting: SHB William Anderson 0-0: Ball
1-0: Called Strike
1-1: Ball
2-1: Foul Ball, location: 2F
2-2: Foul Ball, location: 2F
2-2: Ball
3-2: Foul Ball, location: 2F
3-2: Foul Ball, location: 2F
3-2: Strikes out looking
Derek Kelly is caught stealing 2nd base 2-6
Batter strikes out.
Top of the 7th over - 0 runs, 0 hits, 0 errors, 0 left on base; Westwood 1 - Crescent City 5
BOTTOM OF THE 7TH
Crescent City Krewe batting - Pitching for Westwood Sixshooters : RHP José Arellano
Batting: LHB Dustin Damitz 0-0: Ball
1-0: Ball
2-0: Foul Ball, location: 2F
2-1: Ball
3-1: Base on Balls
Batting: RHB Norbert Schalk 0-0: Called Strike
0-1: Hit by Pitch
Dustin Damitz to second
Batting: LHB Reggie Gommers 0-0: Ball
1-0: Called Strike
1-1: Swinging Strike
1-2: Ball
2-2: Ball
3-2: Foul Ball, location: 2F
3-2: Base on Balls
Dustin Damitz to third
Norbert Schalk to second
Batting: RHB Dusty Hunt 0-0: Ball
1-0: Called Strike
1-1: SINGLE (Groundball, 5S, EV 73.1 MPH) (infield hit)
Dustin Damitz scores
Norbert Schalk to third
Reggie Gommers to second
Batting: RHB Martin Stevens 0-0: Foul Ball, location: 2F
0-1: Ball
1-1: Fly out, F7 (Line Drive, 7, EV 107.5 MPH)
Runner from 3rd tags up, SCORES, throw by LF
Reggie Gommers to third
Batting: RHB Jermaine Vassell 0-0: Called Strike
0-1: Foul Ball, location: 2F
0-2: Ball
Dusty Hunt is caught stealing 2nd base 2-4
1-2: Reached on error, E5 (Groundball, 5, EV 93.1 MPH)
Reggie Gommers scores
Pinch Hitting: RHB Alex Fields 0-0: Called Strike
0-1: Ball
1-1: SINGLE (Flyball, 4D, EV 96.2 MPH)
Jermaine Vassell to second
Batting: RHB Hal Phillips 0-0: Ball
1-0: Called Strike
1-1: Ball
Balk!
Jermaine Vassell to third
Alex Fields to second
2-1: Foul Ball, location: 2F
2-2: Ball
Wild Pitch!
Jermaine Vassell scores
Alex Fields to third
3-2: SINGLE (Groundball, 56D, EV 100.0 MPH)
Alex Fields scores
Pitching: RHP Júlio Rosales
Batting: RHB Vicente Perales 0-0: Fielders Choice at 2nd, 6-4 (Groundball, 6, EV 106.2 MPH)
Bottom of the 7th over - 5 runs, 3 hits, 1 error, 1 left on base; Westwood 1 - Crescent City 10
TOP OF THE 8TH
Westwood Sixshooters batting - Pitching for Crescent City Krewe : RHP Chris Floyd
Now at 2B: Juan David Fernán
Batting: RHB Illarion Podmarkov 0-0: Ball
1-0: Ground out 6-3 (Groundball, 6, EV 87.5 MPH)
Pinch Hitting: LHB Allan Colston 0-0: Ball
1-0: Ground out 4-3 (Groundball, 4M, EV 88.1 MPH)
Pinch Hitting: RHB Sterling Massingham 0-0: Ball
1-0: Fly out, F7 (Flyball, 7LSF, EV 81.2 MPH)
Top of the 8th over - 0 runs, 0 hits, 0 errors, 0 left on base; Westwood 1 - Crescent City 10
BOTTOM OF THE 8TH
Crescent City Krewe batting - Pitching for Westwood Sixshooters : RHP Júlio Rosales
Now at 1B: Eric Landry
Now in RF: Allan Colston
Batting: LHB Dustin Damitz 0-0: Ball
1-0: Ground out 6-3 (Groundball, 56, EV 109.4 MPH)
Batting: RHB Norbert Schalk 0-0: Called Strike
0-1: Ground out 4-3 (Groundball, 4, EV 89.4 MPH)
Batting: LHB Reggie Gommers 0-0: Ball
1-0: Foul Ball, location: 2F
1-1: Ball
2-1: Ball
3-1: Foul Ball, location: 2F
3-2: Fly out, F6 (Popup, 4MS, EV 65.6 MPH)
Bottom of the 8th over - 0 runs, 0 hits, 0 errors, 0 left on base; Westwood 1 - Crescent City 10
TOP OF THE 9TH
Westwood Sixshooters batting - Pitching for Crescent City Krewe : RHP Chris Floyd
Batting: RHB Slavik Akentiev 0-0: Foul Ball, location: 2F
0-1: Ball
1-1: Ball
2-1: Foul Ball, location: 2F
2-2: Strikes out swinging
Batting: RHB John Siddall 0-0: Ball
1-0: Fly out, F7 (Flyball, 7, EV 93.8 MPH)
Batting: RHB Hisashi Koumura 0-0: Ball
1-0: Ball
2-0: Ground out 6-3 (Groundball, 56, EV 81.9 MPH)
Top of the 9th over - 0 runs, 0 hits, 0 errors, 0 left on base; Westwood 1 - Crescent City 10
Friday, March 26th, 2021 - OOTP Baseball 20.8 Build 74